 Dungeon Crawl Stone Soup version 0.17.1-3-g152610e (webtiles) character file.

2291 MrTails the Chopper (level 9, 0/57 HPs)
             Began as a Gargoyle Fighter on Feb 24, 2016.
             Was a Follower of Okawaru.
             Shot with a bolt by an orc warrior (15 damage)
             ... in a bailey.
             The game lasted 00:16:59 (7162 turns).

MrTails the Chopper (Gargoyle Fighter)              Turns: 7162, Time: 00:16:59

Health: 0/57       AC: 19    Str: 22    XL:     9   Next: 40%
Magic:  9/9        EV:  8    Int: 10    God:    Okawaru [*.....]
Gold:   337        SH: 10    Dex:  9    Spells: 0 memorised, 8 levels left

rFire  + . .     SeeInvis .     a - +0 war axe
rCold  x . .     Clarity  .     p - +4 ring mail
rNeg   + . .     SustAt   .     c - +0 shield
rPois  ∞         Gourm    .     b - +1 helmet
rElec  +         Spirit   .     q - +0 cloak
rCorr  .         Warding  .     (no gloves)
rMut   .         Stasis   .     (no boots)
MR     .....                    (no amulet)
Stlth  ..........               (no ring)
                                y - ring of fire

@: not resistant to hostile enchantments, extremely unstealthy
A: negative energy resistance 1, electricity resistance, unbreathing,
petrification resistance, rot immunity, AC +5
a: Heroism, Renounce Religion


You were in a bailey.
You worshipped Okawaru.
Okawaru was aware of your devotion.
You were not hungry.

You visited 1 branch of the dungeon, and saw 7 of its levels.
You also visited: Ossuary and Bailey.

You collected 337 gold pieces.

Inventory:

Hand Weapons
 a - a +0 war axe (weapon)
Armour
 b - a +1 helmet (worn)
 c - a +0 shield (worn)
 p - a +4 ring mail (worn)
 q - a +0 cloak (worn)
Jewellery
 y - a ring of fire (left hand)
Wands
 l - a wand of heal wounds (4)
 C - a wand of confusion (15)
Scrolls
 g - a scroll of fear {unknown}
 k - 6 scrolls of identify
 n - 5 scrolls of remove curse
 o - a scroll of blinking
 r - a scroll of amnesia {unknown}
 w - 2 scrolls of teleportation {unknown}
 B - 2 scrolls of enchant armour {unknown}
Potions
 d - a potion of might
 f - a potion of haste
 m - a potion of flight {unknown}
 s - 3 potions of lignification {unknown}
 t - a potion of magic {unknown}
 u - 4 potions of brilliance {unknown}
 v - 2 potions of agility {unknown}
 x - a potion of curing {unknown}
 z - a potion of cancellation {unknown}
 A - a potion of heal wounds {unknown}
Comestibles
 e - 6 bread rations
 i - 2 beef jerkies
 j - 4 meat rations


   Skills:
 + Level 7.1 Fighting
 * Level 7.1 Axes
 + Level 7.0 Armour
 + Level 6.7 Shields


You had 8 spell levels left.
You didn't know any spells.

Dungeon Overview and Level Annotations

Branches:
Dungeon (7/15)             Temple (0/1) D:6

Altars:
Cheibriados
Elyvilon
Gozag
Okawaru
Qazlal
Yredelemnul
Zin

Annotations:
D:7 Prince Ribbit


Innate Abilities, Weirdness & Mutations

You are resistant to torment.
Your stone body is resilient (AC +5).
You are immune to poison.
You resist negative energy.
You are resistant to electric shocks.
You can survive without breathing.
You are immune to petrification.
You are immune to rotting.


Message History

You see here a bolt.
The orc shoots a bolt.
The bolt hits you but does no damage.
You see here a bolt.
The orc shoots a bolt.
The bolt hits you!
You see here a bolt.
The orc shoots a bolt.
You block the bolt.
You see here a bolt.
The orc shoots a bolt.
The bolt hits you but does no damage.
You see here a bolt.
The orc warrior shouts!
The orc warrior shoots a bolt.
The bolt hits you!!
You see here a bolt.
The orc warrior shoots a bolt.
The bolt hits you but does no damage.
You see here a bolt.
The orc warrior shoots a bolt.
You block the bolt.
You see here a bolt.
The orc warrior shoots a bolt.
The bolt hits you!
* * * LOW HITPOINT WARNING * * *
The orc warrior shoots a bolt.
The bolt hits you!
You die...

.......(#
........#
.......(#
.......(#
≈.......#
≈≈......#
#≈......#
o≈......#
#≈.....@#
≈≈......#
≈.......#
........#
........#
........#
........#
........#


You could see an orc warrior.

Vanquished Creatures
  The ghost of emiel the Digger, an amateur FoEE (D:5)
  An orc warrior (Bailey)
  3 ogres
  2 centaurs
  A wasp (D:7)
  A necrophage (D:6)
  Blork the orc (D:5)
  A giant frog (D:6)
  A big kobold (D:7)
  An elf zombie (D:4)
  A water moccasin zombie (Ossuary)
  A gnoll sergeant (D:6)
  The ghost of MrTails the Skirmisher, a weakling GrFi (D:3)
  A jelly (D:5)
  A gnoll shaman (D:5)
  2 orc priests
  A human zombie (D:4)
  2 giant frog skeletons (D:7)
  4 hounds
  2 iguanas
  2 centaur skeletons (D:4)
  Natasha (thrice) (D:3)
  A quasit (D:5)
  5 worker ants
  A big kobold zombie (Ossuary)
  A worker ant zombie (D:7)
  2 mummies (Ossuary)
  13 gnolls
  6 adders
  An ooze (D:1)
  10 adder zombies
  6 giant geckos
  22 orcs
  2 ball pythons
  2 gnoll zombies (Ossuary)
  11 goblins
  4 hobgoblins
  3 jackals
  8 bats
  3 giant cockroaches (D:1)
  7 giant newts
  5 hobgoblin zombies (Ossuary)
  13 kobolds
  3 kobold zombies (Ossuary)
  4 orc skeletons (D:4)
  5 orc zombies (Ossuary)
  6 rats
  A spectral orc (D:3)
  A bush (D:5)
  A plant (D:5)
181 creatures vanquished.

Vanquished Creatures (others)
  A giant gecko (D:2)
  A jackal (D:2)
  A goblin (D:2)
3 creatures vanquished.

Grand Total: 184 creatures vanquished

Notes
Turn   | Place    | Note
--------------------------------------------------------------
     0 | D:1      | MrTails the Gargoyle Fighter began the quest for the Orb.
     0 | D:1      | Reached XP level 1. HP: 14/14 MP: 1/1
   218 | D:1      | Reached XP level 2. HP: 12/19 MP: 2/2
   750 | D:2      | Reached XP level 3. HP: 24/24 MP: 3/3
   878 | D:2      | Found a white marble altar of Elyvilon.
   991 | D:2      | Reached XP level 4. HP: 29/29 MP: 4/4
  1174 | D:2      | Reached skill level 4 in Fighting
  1642 | D:3      | Noticed MrTails's ghost (weakling GrFi)
  1655 | D:3      | Killed MrTails's ghost
  1700 | D:3      | Reached XP level 5. HP: 21/33 MP: 5/5
  1737 | D:3      | Noticed Natasha
  1991 | D:4      | Found a sand-covered staircase.
  2003 | Ossuary  | Entered an ossuary
  2248 | Ossuary  | Reached XP level 6. HP: 16/39 MP: 6/6
  2612 | D:5      | Entered Level 5 of the Dungeon
  2612 | D:5      | Noticed Blork the orc
  2635 | D:5      | Reached skill level 5 in Fighting
  2664 | D:5      | Killed Blork the orc
  2664 | D:5      | Reached skill level 5 in Armour
  2664 | D:5      | Reached XP level 7. HP: 7/44 MP: 7/7
  2953 | D:3      | Killed Natasha
  3058 | D:3      | Found a basalt altar of Yredelemnul.
  3080 | D:3      | Found a snail-covered altar of Cheibriados.
  3246 | D:3      | Noticed Natasha
  3249 | D:3      | Killed Natasha
  3364 | D:3      | Noticed Natasha
  3373 | D:3      | Killed Natasha
  4023 | D:4      | Reached skill level 5 in Axes
  4063 | D:4      | Reached skill level 5 in Shields
  4350 | D:5      | Reached XP level 8. HP: 39/50 MP: 8/8
  4803 | D:5      | Found an iron altar of Okawaru.
  4807 | D:5      | Found an opulent altar of Gozag.
  4831 | D:5      | Found a stormy altar of Qazlal.
  4834 | D:5      | Became a worshipper of Warmaster Okawaru
  4945 | D:5      | Noticed emiel's ghost (amateur FoEE)
  4959 | D:5      | Killed emiel's ghost
  4959 | D:5      | Reached skill level 6 in Fighting
  5367 | D:6      | Found a glowing silver altar of Zin.
  5397 | D:6      | Found a staircase to the Ecumenical Temple.
  5439 | D:6      | Reached * piety under Okawaru
  5841 | D:6      | Reached XP level 9. HP: 53/56 MP: 9/9
  5921 | D:6      | Got a spiked leather armour
  5932 | D:6      | Identified the +1 leather armour "Suqicom" {*Drain rN+ MR- SInv} (You found it on level 6 of the Dungeon)
  6264 | D:7      | Reached skill level 7 in Fighting
  6283 | D:7      | Found a flagged portal.
  6283 | D:7      | Noticed Prince Ribbit
  6329 | Bailey   | Entered a bailey
  7162 | Bailey   | Shot with a bolt by an orc warrior

Action                   |  1- 3 |  4- 6 |  7- 9 || total
-------------------------+-------+-------+-------++-------
Melee: War axe           |    92 |   255 |   437 ||   784
Invok: Heroism           |       |       |     1 ||     1
  Use: Scroll            |       |     7 |     1 ||     8
       Potion            |       |     1 |       ||     1
  Eat: Chunk             |       |     4 |    15 ||    19
       Pizza             |       |     1 |       ||     1
       Fruit             |       |       |     2 ||     2
